 Dungeon Crawl Stone Soup version 0.31-a0-986-g5e6e4ef867 (webtiles) character file.

Game seed: 10189238234625343981

3754 Naiya55 the Cleaver (level 10, -6/83 HPs)
             Began as a Formicid Fighter on Nov 5, 2023.
             Was an Elder of Okawaru.
             Killed from afar by an electric eel (12 damage)
             ... with a bolt of electricity
             ... on level 9 of the Dungeon.
             The game lasted 00:10:20 (6505 turns).

Naiya55 the Cleaver (Formicid Fighter)              Turns: 6505, Time: 00:10:21

Health: -6/83      AC: 12    Str: 25    XL:     10   Next: 37%
Magic:  13/13      EV: 11    Int:  8    God:    Okawaru [****..]
Gold:   212        SH:  5    Dex: 13    Spells: 9/9 levels left

rFire   . . .        a - +0 war axe
rCold   . . .        c - +0 buckler
rNeg    . . .        t - +0 plate armour
rPois   .            (helmet unavailable)
rElec   .            I - +0 cloak of Tender Moments {rCorr}
rCorr   +            (no gloves)
SInv    +            (no boots)
Will    +....        C - amulet of regeneration Stlth
                     p - +5 ring of evasion
HPRegen 1.13/turn    (no ring)
MPRegen 0.13/turn

%: no passive effects
@: no status effects
A: permanent stasis, dig shafts and tunnels, antennae 3, four strong arms
a: Dig, Shaft Self, Renounce Religion, Heroism, Finesse


You were on level 9 of the Dungeon.
You worshipped Okawaru.
Okawaru was greatly pleased with you.
You visited 1 branch of the dungeon, and saw 9 of its levels.

You collected 449 gold pieces.
You spent 237 gold pieces at shops.

Inventory:

Hand Weapons
 a - a +0 war axe (weapon)
 E - a +0 flail
Missiles
 D - a throwing net
Armour
 c - a +0 buckler (worn)
 t - a +0 plate armour (worn)
 I - the +0 cloak of Tender Moments (worn) {rCorr}
   (You bought it in a shop on level 5 of the Dungeon)

   rCorr:     It protects you from acid and corrosion.
Jewellery
 p - a +5 ring of evasion (left hand)
 q - a ring of ice
 x - an amulet of reflection
 C - an amulet of regeneration (around neck)
 M - a +6 ring of strength
Wands
 e - a wand of paralysis (10)
 K - a wand of digging (7)
Scrolls
 b - a scroll of summoning {unknown}
 f - a scroll of identify
 j - 2 scrolls of blinking {unknown}
 n - a scroll of acquirement {unknown}
 r - 3 scrolls of teleportation {unknown}
 s - a scroll of fear {unknown}
 u - 2 scrolls of enchant armour {unknown}
 w - a scroll of enchant weapon {unknown}
 y - 2 scrolls of revelation {unknown}
 z - a scroll of noise {unknown}
 B - a scroll of immolation {unknown}
 J - a scroll of amnesia {unknown}
 L - a scroll of vulnerability {unknown}
Potions
 d - 5 potions of might
 g - 6 potions of curing
 h - a potion of magic
 i - a potion of heal wounds
 k - 2 potions of haste
 l - a potion of brilliance {unknown}
 m - a potion of cancellation {unknown}
 o - a potion of attraction {unknown}
 v - 3 potions of mutation
 A - 2 potions of ambrosia
 F - a potion of resistance {unknown}
 G - a potion of lignification {unknown}
 H - a potion of enlightenment {unknown}


   Skills:
 + Level 9.4 Fighting
 * Level 11.4 Axes
 - Level 3.2 Armour
 - Level 4.0 Shields
 - Level 4.2 Invocations


You had 9 spell levels left.
You didn't know any spells.
Your spell library contained the following spells:

 Spells                   Type           Power      Damage    Failure   Level
 Sandblast                Erth           0%         2d4       100%        1
 Passwall                 Tmut/Erth      0%         N/A       100%        2
 Stone Arrow              Conj/Erth      0%         3d7       100%        3
 Brom's Barrelling Bould  Conj/Erth      0%         2d3       100%        4


Dungeon Overview and Level Annotations

Branches:
Dungeon (9/15)             Temple (0/1) D:7
   Lair: D:8-11         Orc: D:9-12

Altars:
Elyvilon
Hepliaklqana
Okawaru
Uskayaw
Xom

Shops:
D:4 =   D:5 [   D:6 [   D:7 ?   D:8 !   D:9 [(

Annotations:
D:6 1 runed translucent door, Coron's ghost, amateur MiBe


Innate Abilities, Weirdness & Mutations

You cannot be hasted, slowed, berserked, paralysed or teleported.
You can dig through walls and to a lower floor.
You have a pair of large antennae on your head. (SInv)
Your four strong arms can wield two-handed weapons with a shield.


Message History

The electric eel completely resists.
You barely miss the electric eel.
The electric eel shoots out a bolt of lightning at you!
The bolt of electricity hits you! x2
The bolt of electricity hits the electric eel.
The electric eel completely resists.
You hit the electric eel but do no damage.
An electric eel comes into view.
You slash the electric eel!
The electric eel is severely wounded.
You closely miss the electric eel.
The electric eel is severely wounded.
You closely miss the electric eel.
The electric eel is severely wounded.
The electric eel shoots out a bolt of lightning at you!
The bolt of electricity hits you! x2
The bolt of electricity hits the electric eel.
The electric eel completely resists.
You hit the electric eel.
The electric eel is almost dead.
The electric eel shoots out a bolt of lightning at you!
The bolt of electricity hits you! x2
* * * LOW HITPOINT WARNING * * *
The bolt of electricity hits the electric eel.
The electric eel completely resists.
You miss the electric eel.
The electric eel is almost dead.
The electric eel shoots out a bolt of lightning at you!
The bolt of electricity hits you!
* * * LOW HITPOINT WARNING * * *
The bolt of electricity hits you!
* * * LOW HITPOINT WARNING * * *
The bolt of electricity hits the electric eel.
The electric eel completely resists.
You closely miss the electric eel.
The electric eel is almost dead.
The electric eel shoots out a bolt of lightning at you!
The bolt of electricity hits you but does no damage.
The bolt of electricity hits you!
You die...

#...).)..# #.#......#
#.#####..##########
######.# ##.##.......#
.......# #.##.#####.#
.#####.## #.##.#
...[....# #.##.#
.######'#####.##.#
.#...8#.≈.......@#
....###.≈≈#..~~..S~~~~~~
.##.'..∩..+.~≈≈≈≈≈.S≈≈≈≈
.####≈≈.####~≈♣♣♣≈.≈♣♣♣≈
## ##≈.#8##.≈♣ ≈~≈♣
##'####.≈♣♣♣≈~≈♣
#..###~≈≈≈≈≈(≈≈≈
#....#~~.~~...~.
##.)..#.≈≈≈


You could see 2 electric eels.

Vanquished Creatures
  A troll (D:9)
  Grinder (D:6)
  A wyvern (D:8)
  A shadow (D:6)
  A vampire (D:6)
  A water moccasin (D:5)
  An acid dragon (D:8)
  3 sky beasts (D:7)
  2 ice beasts
  An ogre (D:5)
  A centaur (D:9)
  2 bullfrogs
  A gnoll sergeant (D:7)
  2 scorpions
  3 wights
  9 killer bees
  4 howler monkeys
  3 electric eels (D:9)
  4 hounds
  4 jellies
  2 orc priests
  A gnoll bouda (D:6)
  8 iguanas
  A sleepcap (D:5)
  6 orc wizards
  6 adders
  8 gnolls
  A worm (D:2)
  21 orcs
  8 endoplasms
  3 giant cockroaches
  5 goblins
  7 hobgoblins
  8 jackals
  7 kobolds
  3 quokkas
  6 ball pythons
  5 bats
  3 frilled lizards
  3 rats
158 creatures vanquished.

Vanquished Creatures (others)
  A wight (D:8)
  An orc (D:9)
2 creatures vanquished.

Grand Total: 160 creatures vanquished

Notes
Turn   | Place    | Note
-------+----------+-------------------------------------------
     0 | D:1      | Naiya55 the Formicid Fighter began the quest for the Orb.
     0 | D:1      | Reached XP level 1. HP: 18/18 MP: 1/1
   318 | D:1      | Reached XP level 2. HP: 21/24 MP: 2/2
   939 | D:2      | Reached XP level 3. HP: 28/30 MP: 3/3
   969 | D:2      | Found a faded altar of an unknown god.
   996 | D:2      | Reached skill level 3 in Axes
  1667 | D:2      | Reached XP level 4. HP: 37/37 MP: 4/4
  2399 | D:4      | Found Mantoewi's Jewellery Shoppe.
  2595 | D:4      | Reached skill level 4 in Axes
  2600 | D:4      | Reached XP level 5. HP: 39/43 MP: 5/5
  2837 | D:4      | Found an iron altar of Okawaru.
  2938 | D:4      | Became a worshipper of Warmaster Okawaru
  2947 | D:5      | Entered Level 5 of the Dungeon
  2978 | D:5      | Reached XP level 6. HP: 44/50 MP: 6/6
  3009 | D:5      | Reached skill level 5 in Fighting
  3009 | D:5      | Reached skill level 5 in Axes
  3168 | D:5      | Found Foyclat's Antique Armour Shoppe.
  3240 | D:5      | Noticed a water moccasin
  3256 | D:5      | Killed a water moccasin
  3256 | D:5      | Reached * piety under Okawaru
  3257 | D:5      | Reached XP level 7. HP: 52/56 MP: 7/7
  3340 | D:5      | Reached skill level 6 in Axes
  3441 | D:5      | Reached skill level 1 in Invocations
  4232 | D:6      | Reached XP level 8. HP: 56/64 MP: 9/9
  4297 | D:6      | Reached skill level 7 in Axes
  4301 | D:6      | Noticed a shadow
  4312 | D:6      | Killed a shadow
  4312 | D:6      | Reached ** piety under Okawaru
  4342 | D:6      | Found a white marble altar of Elyvilon.
  4425 | D:6      | Found Jeha's Armour Boutique.
  4523 | D:6      | Found a runed translucent door.
  4523 | D:6      | Found a shimmering altar of Xom.
  4523 | D:6      | Noticed a +0 mace of chaos
  4523 | D:6      | Noticed Coron's ghost (amateur MiBe)
  4594 | D:6      | Noticed a vampire
  4606 | D:6      | Killed a vampire
  4612 | D:6      | Reached skill level 8 in Axes
  4710 | D:6      | Noticed Grinder
  4731 | D:6      | Killed Grinder
  4732 | D:6      | Reached XP level 9. HP: 54/72 MP: 10/12
  4885 | D:5      | Bought a faintly humming cloak for 237 gold pieces
  4885 | D:5      | Identified the +0 cloak of Tender Moments {rCorr} (You
                  | bought it in a shop on level 5 of the Dungeon)
  5036 | D:7      | Reached skill level 9 in Axes
  5180 | D:7      | Found a transporter.
  5180 | D:7      | Found Coaw's Magic Scroll Shop.
  5199 | D:7      | Reached *** piety under Okawaru
  5340 | D:7      | Found a transporter.
  5400 | D:7      | Found a staircase to the Ecumenical Temple.
  5599 | D:8      | Found Yphiefoi's Distillery.
  5636 | D:7      | Reached skill level 10 in Axes
  5722 | D:8      | Reached XP level 10. HP: 62/82 MP: 13/13
  5755 | D:8      | Reached **** piety under Okawaru
  5945 | D:8      | Found a hide-covered altar of Uskayaw.
  6101 | D:8      | Found a hazy altar of Hepliaklqana.
  6305 | D:9      | Reached skill level 11 in Axes
  6364 | D:9      | Found Riatweq's Antique Armour Shop.
  6421 | D:9      | Found Nuump's Weapon Shop.
  6505 | D:9      | Killed from afar by an electric eel

Illustrated notes

Levels and vault maps discovered:
D:1:      saegor_arrival_miasma, layout_loops_corners, minmay_box_of_dots
D:2:      layout_basic, ebering_ecumenical_altar_rust,
          minmay_fractal_squares_gapless_5
D:3:      layout_loops_ring
D:4:      layout_cave_pools, okawaru_gym_becter, serial_shops, shop,
          glass_columns_b
D:5:      layout_basic, eino_tiny_chamber, nicolae_take_the_stairs
D:6:      layout_basic, elyvilon_altar_5, serial_shops, shop, ebering_ghost_xom,
          skrybe_limestone_x, uniq_grinder
D:7:      layout_rooms, nicolae_overflow_hidden_temple,
          minmay_temple_entry_overgrown, serial_shops, nicolae_shop_drivethru,
          amcnicky_mini_rare_corridor_liquid, hangedman_decor_opposing,
          nicolae_titane
D:8:      layout_cave_pools, mainiacjoe_overflow_small_starburst,
          worldfamousw_hep_ancestral_shrine, serial_shops, shop_fountains
D:9:      layout_loops_ring, serial_shops, nicolae_shop_hallway_plus,
          nicolae_shop_just_a_little_nook, nicolae_shop_scrapyard, shop,
          kennysheep_boxes

Skill      XL: |  1  2  3  4  5  6  7  8  9 10 |
---------------+-------------------------------+-----
Axes           | 3 4 5 6 8 10 11 | 11.4
Fighting       | 4 5 6 7 8 9 |  9.4
Invocations    | 2 4 |  4.2
Armour         | |  3.2
Shields        | |  4.0

Action                     |  1- 3 |  4- 6 |  7- 9 | 10-12 || total
---------------------------+-------+-------+-------+-------++-------
  Melee: War axe           |    94 |   116 |   237 |    86 ||   533
 Invoke: Heroism           |       |       |     2 |       ||     2
    Use: Scroll            |       |       |     5 |     2 ||     7
 Armour: Scale mail        |    65 |       |       |       ||    65
         Plate armour      |       |    62 |   187 |   109 ||   358
         Chain mail        |       |     9 |       |       ||     9
  Dodge: Dodged            |    37 |    54 |   132 |    59 ||   282
  Block: Buckler           |    27 |    48 |    79 |    26 ||   180

Table legend: (Time is in decaauts)
 A = Elapsed time spent in this place.
 B = Non-inter-level travel time spent in this place.
 C = Inter-level travel time spent in this place.
 D = Time resting spent in this place.
 E = Time spent auto-exploring this place.
 F = Levels seen in this place.
 G = Mean time per level.
                   A        B        C        D        E       F      G
               +--------+--------+--------+--------+--------+-----+--------+
         Total |   6608 |   6319 |    289 |    130 |   4769 |   9 |  734.2 |
       Dungeon |   6608 |   6319 |    289 |    130 |   4769 |   9 |  734.2 |
               +--------+--------+--------+--------+--------+-----+--------+

Top non-repeatable levels by time:
     D:5: 1280 daAuts
     D:1: 952 daAuts
     D:2: 864 daAuts
     D:7: 733 daAuts
     D:6: 702 daAuts
     D:4: 610 daAuts
     D:3: 596 daAuts
     D:8: 499 daAuts
     D:9: 368 daAuts
